 Dungeon Crawl Stone Soup version 0.28-a0-793-g31680bbd8b (webtiles) character file.

Game seed: 16918710946774543487

4778 siradein the Fighter (level 10, -9/80 HPs)
             Began as a Demonspawn Berserker on Nov 5, 2021.
             Was a High Priest of Trog.
             Mangled by a boulder beetle (21 damage)
             ... on level 7 of the Dungeon.
             The game lasted 00:33:27 (6677 turns).

siradein the Fighter (Demonspawn Berserker)         Turns: 6677, Time: 00:33:28

Health: -9/80      AC: 13    Str: 19    XL:     10   Next: 23%
Magic:  10/10      EV: 13    Int: 10    God:    Trog [*****.]
Gold:   454        SH:  3    Dex: 13    Spells: 9/9 levels left

rFire   . . .      SeeInvis .   n - +0 long sword
rCold   . . .      Faith    +   q - +0 buckler
rNeg    + . .      Spirit   .   F - +2 leather armour {rN+}
rPois   .          Reflect  .   (no helmet)
rElec   .          Harm     .   (no cloak)
rCorr   .          Rampage  .   (no gloves)
Will    .....                   (no boots)
Stlth   +.........              u - amulet of faith
HPRegen 0.23/turn               d - +4 ring of protection
MPRegen 0.12/turn               f - +4 ring of protection

@: on berserk cooldown, slowed, very slow
A: ignite blood 3, powered by death 2, weakness stinger 1
a: Renounce Religion, Berserk, Trog's Hand, Brothers in Arms


You were on level 7 of the Dungeon.
You worshipped Trog.
Trog was extremely pleased with you.
You visited 1 branch of the dungeon, and saw 7 of its levels.
You also visited: Sewer and Ossuary.

You collected 454 gold pieces.

Inventory:

Hand Weapons
 n - a +0 long sword (weapon)
Missiles
 g - a throwing net
 l - 4 javelins
 w - 16 poisoned darts (quivered)
Armour
 q - a +0 buckler (worn)
 F - a +2 leather armour of positive energy (worn)
Jewellery
 d - a +4 ring of protection (left hand)
 e - an amulet of regeneration
 f - a +4 ring of protection (right hand)
 t - a ring of willpower
 u - an amulet of faith (around neck)
 B - a ring of resist corrosion
Wands
 s - a wand of flame (27)
 E - a wand of acid (4)
Scrolls
 a - a scroll of enchant armour
 c - 3 scrolls of silence
 k - a scroll of teleportation
 r - 2 scrolls of acquirement {unknown}
 x - 2 scrolls of magic mapping
 y - a scroll of fog {unknown}
 z - 4 scrolls of enchant weapon {unknown}
 A - 3 scrolls of fear {unknown}
 C - a scroll of noise {unknown}
 D - a scroll of amnesia {unknown}
 G - 2 scrolls of blinking {unknown}
 K - a scroll of identify
Potions
 b - 2 potions of haste {unknown}
 h - 2 potions of brilliance {unknown}
 i - 3 potions of curing {unknown}
 j - 2 potions of berserk rage {unknown}
 m - 2 potions of heal wounds {unknown}
 o - a potion of attraction {unknown}
 p - a potion of mutation {unknown}
 v - a potion of cancellation {unknown}
 H - a potion of resistance {unknown}
 I - a potion of invisibility {unknown}
 J - a potion of degeneration {unknown}


   Skills:
 + Level 8.2 Fighting
 + Level 7.4 Long Blades
 + Level 7.1 Armour
 + Level 7.1 Dodging


You had 9 spell levels left.
You didn't know any spells.
Your spell library was empty.

Dungeon Overview and Level Annotations

Branches:
Dungeon (7/15)             Temple (0/1) D:5           Sewer (visited)
Ossuary (visited)

Altars:
Dithmenos
Fedhas
Okawaru

Shops:
D:4 :

Annotations:
D:3 1 runed translucent door, Crazy Yiuf


Innate Abilities, Weirdness & Mutations

Your demonic aura causes all spilled blood to erupt in flames.
You regenerate health from kills.
You have a small tail.


Message History

You feel yourself slow down.
You feel the effects of Trog's Hand fading.
The two-headed ogre is engulfed in blazing flames.
You kill the two-headed ogre!
Trog accepts your kill.
Your ogre is engulfed in blazing flames.
Something bites your ogre! Something claws your ogre.
Your Fighting skill increases to level 8!
Your Armour skill increases to level 7!
Your Dodging skill increases to level 7!
Your ogre is engulfed in blazing flames.
Your ogre hits the manticore with a +0 giant club!
The manticore is engulfed in blazing flames.
The manticore bites your ogre. The manticore claws your ogre.
The manticore claws your ogre!
Your ogre dies!
Your ogre's corpse disappears in a puff of smoke!
The manticore is engulfed in blazing flames.
There is a fountain of clear blue water here.
The two-headed ogre is engulfed in blazing flames.
The manticore is engulfed in blazing flames.
You kill the manticore!
Trog accepts your kill.
Trog will now gift you melee weapons as you gain piety.
Your skin stops crawling.
You feel less strong-willed.
The boulder beetle waves its antennae.
The boulder beetle curls into a ball and begins rolling!
There is an open door, spattered with blood here.
You see here a bullfrog corpse.
The two-headed ogre barely misses you.
The two-headed ogre hits you with a +0 giant club!
The boulder beetle is engulfed in blazing flames.
The boulder beetle hits you!!!
Ouch! That really hurt!
* * * LOW HITPOINT WARNING * * *
The boulder beetle stops rolling and uncurls.
There is an open door, spattered with blood here.
The boulder beetle is engulfed in blazing flames.
The boulder beetle bites you!!
You die...

............#.........#..........
...............#.....)###........
##.........>...###...))##........
...............# #..##)##.)......
.....#.#.#.#.### #..##)##........
##...#.#.#.##### #..##)##..(.....
.#####.#.###.☼○#######)..........
..***.....#..O○B.#.#....#........
...**..####†####@.##.....########
...B##.#..°)...#.†.#...#.## ##
(....###.°...⌠.##'####....# #.
[$...D##°.⌠....##.888#.#### ###.
#!....D[)..⌠...#8...)'.# #)))
=$...°##....⌠..##.888### ###)##
?....**#.⌠...⌠.##'#### #...#
..?.**,#.......#...* #.###
...**,,####+####..## ###)#


You could see a boulder beetle and a two-headed ogre.

Vanquished Creatures
  A two-headed ogre (D:7)
  A manticore (D:7)
  A troll (D:7)
  Grinder (D:5)
  Sigmund (D:3)
  Eustachio (D:6)
  A water moccasin (D:4)
  A sky beast (D:5)
  An orc warrior (D:7)
  A black bear (D:7)
  A necrophage (D:6)
  A centaur (D:5)
  4 ogres
  A phantom (D:4)
  A kobold brigand (D:7)
  Blork the orc (D:6)
  2 elf zombies (Ossuary)
  A gnoll sergeant (D:5)
  5 bullfrogs
  3 scorpions
  2 howler monkeys
  A centaur zombie (D:6)
  2 gnoll shamans (D:7)
  2 hounds
  3 bullfrog zombies
  2 jellies
  3 orc priests
  A bullfrog skeleton (D:5)
  A centaur skeleton (D:5)
  Jessica (D:3)
  An iguana (D:5)
  2 orc wizards
  A hound zombie (Ossuary)
  4 mummies (Ossuary)
  17 gnolls
  9 adders
  A white imp (D:6)
  2 ufetubi (D:4)
  An adder zombie (Ossuary)
  2 dart slugs
  29 orcs
  11 ball pythons
  A bat (D:1)
  6 endoplasms
  8 giant cockroaches
  10 goblins
  9 hobgoblins
  3 jackals (D:4)
  3 quokkas
  12 frilled lizards
  2 gnoll zombies (Ossuary)
  A goblin zombie (Ossuary)
  A jackal zombie (Ossuary)
  11 kobolds
  3 orc zombies (Ossuary)
  4 rats
  A rat zombie (Ossuary)
203 creatures vanquished.

Vanquished Creatures (collateral kills)
  A gargoyle (D:7)
1 creature vanquished.

Vanquished Creatures (others)
  3 fungi (D:3)
  3 plants (D:5)
6 creatures vanquished.

Grand Total: 210 creatures vanquished

Notes
Turn   | Place    | Note
-------+----------+-------------------------------------------
     0 | D:1      | siradein the Demonspawn Berserker began the quest for the
                  | Orb.
     0 | D:1      | Reached XP level 1. HP: 18/18 MP: 1/1
   394 | D:1      | Gained mutation: Your demonic aura sometimes causes spilled
                  | blood to erupt in flames. [demonic ancestry]
   394 | D:1      | Reached XP level 2. HP: 24/24 MP: 2/2
   483 | D:1      | Found a faded altar of an unknown god.
   666 | D:1      | Reached ** piety under Trog
   935 | D:2      | Reached XP level 3. HP: 26/29 MP: 3/3
  1216 | D:2      | Gained mutation: You regenerate a little health from kills.
                  | [demonic ancestry]
  1216 | D:2      | Reached XP level 4. HP: 35/35 MP: 4/4
  1538 | D:3      | Noticed Jessica
  1544 | D:3      | Killed Jessica
  1581 | D:3      | Gained mutation: You have a small tail. [demonic ancestry]
  1581 | D:3      | Reached XP level 5. HP: 42/42 MP: 5/5
  1780 | D:3      | Noticed Sigmund
  1807 | D:3      | Killed Sigmund
  1808 | D:3      | Reached skill level 4 in Fighting
  1808 | D:3      | Gained mutation: Your demonic aura often causes spilled
                  | blood to erupt in flames. [demonic ancestry]
  1808 | D:3      | Reached XP level 6. HP: 49/49 MP: 6/6
  2471 | D:3      | Found a runed translucent door.
  2472 | D:3      | Noticed Crazy Yiuf
  2720 | D:4      | Found Wochathu's Book Boutique.
  2845 | D:4      | Reached XP level 7. HP: 55/55 MP: 7/7
  3078 | D:4      | Reached skill level 5 in Fighting
  3169 | D:4      | Reached *** piety under Trog
  3637 | D:5      | Entered Level 5 of the Dungeon
  3679 | D:5      | Noticed Grinder
  3764 | D:5      | Killed Grinder
  3765 | D:5      | Reached skill level 5 in Long Blades
  3765 | D:5      | Gained mutation: Your demonic aura causes all spilled blood
                  | to erupt in flames. [demonic ancestry]
  3765 | D:5      | Reached XP level 8. HP: 63/63 MP: 8/8
  4088 | D:5      | Reached skill level 5 in Armour
  4088 | D:5      | Reached skill level 5 in Dodging
  4141 | D:5      | Reached skill level 6 in Fighting
  4161 | D:5      | Found a staircase to the Ecumenical Temple.
  4432 | D:5      | Found a shadowy altar of Dithmenos.
  4725 | D:6      | Found a blossoming altar of Fedhas.
  4842 | D:6      | Found a glowing drain.
  4856 | D:6      | Gained mutation: You regenerate health from kills. [demonic
                  | ancestry]
  4856 | D:6      | Reached XP level 9. HP: 69/71 MP: 9/9
  4860 | Sewer    | Entered a sewer
  5059 | Sewer    | Reached **** piety under Trog
  5406 | D:6      | Noticed Blork the orc
  5412 | D:6      | Killed Blork the orc
  5434 | D:6      | Noticed Eustachio
  5442 | D:6      | Killed Eustachio
  5840 | D:7      | Found a sand-covered staircase.
  5848 | Ossuary  | Entered an ossuary
  5870 | Ossuary  | Reached skill level 7 in Fighting
  6331 | D:7      | Found an iron altar of Okawaru.
  6465 | D:7      | Reached ***** piety under Trog
  6654 | D:7      | Noticed a gargoyle
  6654 | D:7      | Noticed a manticore
  6654 | D:7      | Noticed a boulder beetle
  6658 | D:7      | Noticed a troll
  6658 | D:7      | Noticed a two-headed ogre
  6659 | D:7      | Noticed a two-headed ogre
  6662 | D:7      | Killed a gargoyle
  6664 | D:7      | Killed a troll
  6665 | D:7      | Reached XP level 10. HP: 80/80 MP: 10/10
  6669 | D:7      | Killed a two-headed ogre
  6670 | D:7      | Reached skill level 8 in Fighting
  6671 | D:7      | Killed a manticore
  6677 | D:7      | Mangled by a boulder beetle

Illustrated notes

Levels and vault maps discovered:
D:1:      giann_forest_graveyard, layout_basic,
          shapermc_ecumenical_altar_mp_vishouse, minmay_octomino_e4
D:2:      layout_loops_ring
D:3:      layout_basic, dk_noncrumbling_4, minmay_misc_feat_doors, uniq_jessica,
          uniq_sigmund, uniq_crazy_yiuf_cottage
D:4:      layout_basic, serial_shops, kennysheep_mini_moat
D:5:      layout_rooms, mainiacjoe_overflow_alcove_2, temple_fountains,
          serial_bayou_crossing, uniq_grinder
D:6:      layout_cave_pools, mainiacjoe_overflow_boulevard,
          gup_sewer_entry_glass, grunt_ministairs_14, uniq_blork_the_orc,
          uniq_eustachio
D:7:      minmay_chambers_of_sevens, layout_rooms, okawaru_trees_2,
          nicolae_ossuary_entry_plus

Skill      XL: |  1  2  3  4  5  6  7  8  9 10 |
---------------+-------------------------------+-----
Dodging        | 2 3 4 5 6 7 |  7.1
Armour         | 2 3 4 5 6 7 |  7.1
Long Blades    | 3 4 5 6 7 |  7.4
Fighting       | 4 5 6 7 8 |  8.2

Action                   |  1- 3 |  4- 6 |  7- 9 | 10-12 || total
-------------------------+-------+-------+-------+-------++-------
Melee: Falchion          |   118 |    27 |       |       ||   145
       Long sword        |       |    95 |   465 |     3 ||   563
       Tailslap          |       |    12 |    76 |     1 ||    89
Throw: Dart              |       |       |     7 |       ||     7
Invok: Berserk           |       |     1 |     5 |       ||     6
       Trog's Hand       |       |       |     8 |       ||     8
       Brothers in Arms  |       |       |     1 |       ||     1
  Use: Scroll            |       |       |     7 |       ||     7
Armor: Animal skin       |     5 |       |       |       ||     5
       Ring mail         |    21 |       |       |       ||    21
       Chain mail        |    26 |    99 |   242 |       ||   367
       Leather armour    |       |       |   171 |       ||   171
Dodge: Dodged            |    70 |    41 |   415 |     4 ||   530
Block: Buckler           |       |       |   113 |       ||   113

Table legend: (Time is in decaauts)
 A = Elapsed time spent in this place.
 B = Non-inter-level travel time spent in this place.
 C = Inter-level travel time spent in this place.
 D = Time resting spent in this place.
 E = Time spent auto-exploring this place.
 F = Levels seen in this place.
 G = Mean time per level.
                   A        B        C        D        E       F      G
               +--------+--------+--------+--------+--------+-----+--------+
         Total |   6967 |   6787 |    180 |    210 |   4360 |   9 |  774.1 |
       Dungeon |   5974 |   5794 |    180 |    210 |   3802 |   7 |  853.4 |
         Sewer |    657 |    657 |      0 |      0 |    343 |   1 |  657.0 |
       Ossuary |    336 |    336 |      0 |      0 |    214 |   1 |  336.0 |
               +--------+--------+--------+--------+--------+-----+--------+

Top non-repeatable levels by time:
     D:4: 1238 daAuts
     D:3: 1022 daAuts
     D:5: 928 daAuts
     D:1: 927 daAuts
   Sewer: 657 daAuts
     D:6: 624 daAuts
     D:7: 621 daAuts
     D:2: 611 daAuts
 Ossuary: 336 daAuts
